 Dungeon Crawl Stone Soup version 0.32-a0-666-ge8a88695a4 (webtiles) character file.

Game seed: 16495441056329364478

369 CougarLife the Digger (level 6, 0/32 HPs)
             Began as a Gargoyle Earth Elementalist on Mar 9, 2024.
             Slain by Blork the orc
             ... wielding a +0 battleaxe
              (7 damage)
             ... on level 4 of the Dungeon.
             The game lasted 00:03:46 (3164 turns).

CougarLife the Digger (Gargoyle Earth Elementalist) Turns: 3164, Time: 00:03:46

Health: 0/32       AC:  7    Str: 11    XL:     6   Next: 70%
Magic:  8/12       EV: 11    Int: 18    God:
Gold:   156        SH:  0    Dex: 10    Spells: 9/13 levels left

rFire   . . .        e - +0 dagger
rCold   . . .        (no shield)
rNeg    + . .        a - +0 robe
rPois   ∞            k - +0 helmet
rElec   +            (no cloak)
rCorr   .            (no gloves)
SInv    .            (no boots)
Will    .....        c - amulet of the acrobat
Stlth   ++           (no ring)
HPRegen 0.25/turn    (no ring)
MPRegen 0.13/turn

%: acrobat
@: no status effects
A: sickness immunity, AC +4, negative energy resistance 1, electricity
resistance, torment resistance 1, petrification resistance
a: no special abilities


You were on level 4 of the Dungeon.
You visited 1 branch of the dungeon, and saw 4 of its levels.

You collected 156 gold pieces.

Inventory:

Hand Weapons
 e - a +0 dagger (weapon)
Armour
 a - a +0 robe (worn)
 k - a +0 helmet (worn)
Jewellery
 c - an amulet of the acrobat (around neck)
Scrolls
 d - a scroll of blinking {unknown}
 g - 5 scrolls of identify {unknown}
 h - a scroll of enchant armour {unknown}
 m - a scroll of vulnerability {unknown}
Potions
 b - a potion of magic
 f - 2 potions of heal wounds {unknown}
 i - a potion of degeneration {unknown}
 j - 2 potions of lignification {unknown}
 l - 2 potions of might {unknown}


   Skills:
 - Level 1.5 Dodging
 - Level 2.1 Stealth
 * Level 4.0 Spellcasting
 * Level 4.1 Conjurations
 + Level 0.3 Air Magic
 * Level 5.8 Earth Magic


You had 9 spell levels left.
You knew the following spells:

 Your Spells              Type           Power      Damage    Failure   Level
a - Sandblast             Erth           48%        2d12      1%          1
b - Stone Arrow           Conj/Erth      42%        3d9       6%          3

Your spell library contained the following spells:

 Spells                   Type           Power      Damage    Failure   Level
 Passwall                 Erth           24%        N/A       4%          3
 Foxfire                  Conj/Fire      44%        2x1d6     6%          1
 Brom's Barrelling Bould  Conj/Erth      21%        2d4       19%         4
 Mercury Vapours          Alch/Air       8%         N/A       21%         2
 Mephitic Cloud           Conj/Alch/Air  9%         N/A       24%         3
 Petrify                  Alch/Erth      14%        N/A       41%         4
 Freezing Cloud           Conj/Ice/Air   4%         6-21      91%         5
 Plasma Beam              Fire/Air       2%         2x1d12    100%        6
 Starburst                Conj/Fire      5%         6d4       100%        6


Dungeon Overview and Level Annotations

Branches:
Dungeon (4/15)
 Temple: D:4-7

Altars:
Qazlal
Uskayaw
Yredelemnul
The Shining One

Annotations:
D:4 Blork the orc


Innate Abilities, Weirdness & Mutations

You are immune to sickness and miasma.
Your stone body is resilient. (AC +4)
You are immune to poison.
You resist negative energy. (rN+)
You are resistant to electric shocks. (rElec)
You are resistant to unholy torment.
You are immune to petrification.


Message History

Press: ? - help, Shift-Dir - straight line, f - Blork the orc
Aim: Blork the orc, wielding a +0 battleaxe, wearing a +0 robe and carrying a wand of flame (85% to hit)
The blast of sand misses Blork the orc.
Blork the orc gestures at you while chanting.
The puff of frost hits you! Blork the orc casts a spell at you.
The magic dart hits you.
Casting: Sandblast (safe; 1% risk of failure)
Confirm with . or Enter, or press ? or * to list all spells.
Aiming: Sandblast (safe; 1% risk of failure)
Press: ? - help, Shift-Dir - straight line, f/p - Blork the orc
Aim: Blork the orc, wielding a +0 battleaxe, wearing a +0 robe and carrying a wand of flame (85% to hit)
The blast of sand hits Blork the orc.
Blork the orc is lightly wounded.
Casting: Sandblast (safe; 1% risk of failure)
Confirm with . or Enter, or press ? or * to list all spells.
Aiming: Sandblast (safe; 1% risk of failure)
Press: ? - help, Shift-Dir - straight line, f/p - Blork the orc
Aim: Blork the orc, wielding a +0 battleaxe, wearing a +0 robe and carrying a wand of flame (lightly wounded, 85% to hit)
The blast of sand hits Blork the orc!
Blork the orc is heavily wounded.
Blork the orc zaps a wand.
The puff of flame hits you!
Blork the orc zaps a wand.
The puff of flame misses you.
Casting: Sandblast (safe; 1% risk of failure)
Confirm with . or Enter, or press ? or * to list all spells.
Aiming: Sandblast (safe; 1% risk of failure)
Press: ? - help, Shift-Dir - straight line, f/p - Blork the orc
Aim: Blork the orc, wielding a +0 battleaxe, wearing a +0 robe and carrying a wand of flame (heavily wounded, 85% to hit)
The blast of sand misses Blork the orc.
Casting: Sandblast (safe; 1% risk of failure)
Confirm with . or Enter, or press ? or * to list all spells.
Aiming: Sandblast (safe; 1% risk of failure)
Press: ? - help, Shift-Dir - straight line, f/p - Blork the orc
Aim: Blork the orc, wielding a +0 battleaxe, wearing a +0 robe and carrying a wand of flame (heavily wounded, 85% to hit)
The blast of sand hits Blork the orc!
Blork the orc is almost dead.
Blork the orc zaps a wand.
The puff of flame hits you.
* * * LOW HITPOINT WARNING * * *
Blork the orc hits you with a +0 battleaxe!
You die...

#.#.## #....## .
##.....##
#.##.......###
.............
.........####
#..o.......
#.@.#
#..#####.####...
#.......<.......
...##########...


You could see Blork the orc.

Vanquished Creatures
  A sky beast (D:3)
  A hound (D:3)
  An iguana (D:3)
  2 orc wizards (D:4)
  4 adders
  4 dart slugs
  4 ribbon worms
  12 orcs
  6 ball pythons
  11 endoplasms
  6 giant cockroaches
  6 goblins
  7 hobgoblins
  14 jackals
  4 quokkas
  3 bats
  2 frilled lizards
  8 kobolds
  4 rats
100 creatures vanquished.

Notes
Turn   | Place    | Note
-------+----------+-------------------------------------------
     0 | D:1      | CougarLife the Gargoyle Earth Elementalist began the quest
                  | for the Orb.
     0 | D:1      | Reached XP level 1. HP: 10/10 MP: 3/3
   103 | D:1      | Reached XP level 2. HP: 11/15 MP: 0/5
   211 | D:1      | Reached skill level 4 in Earth Magic
   451 | D:1      | Reached XP level 3. HP: 13/19 MP: 2/6
  1135 | D:2      | Reached XP level 4. HP: 24/24 MP: 6/8
  1644 | D:2      | Learned a level 3 spell: Stone Arrow
  1980 | D:2      | Reached XP level 5. HP: 21/28 MP: 7/9
  2060 | D:3      | Found a glowing golden altar of the Shining One.
  2158 | D:3      | Found a basalt altar of Yredelemnul.
  2167 | D:3      | Found a faded altar of an unknown god.
  2270 | D:3      | Reached skill level 5 in Earth Magic
  2340 | D:3      | Found a stormy altar of Qazlal.
  2340 | D:3      | Noticed a sky beast
  2346 | D:3      | Killed a sky beast
  2347 | D:3      | Reached XP level 6. HP: 32/32 MP: 3/11
  2714 | D:3      | Found a hide-covered altar of Uskayaw.
  3073 | D:4      | Noticed Blork the orc
  3164 | D:4      | Slain by Blork the orc

Illustrated notes

Levels and vault maps discovered:
D:1:      tarquinn_simple_flora_water_f, layout_loops_ring,
          minmay_misc_feat_square, minmay_worlds_worst_comb
D:2:      layout_rooms
D:3:      layout_rooms, tso_oasis_becter, nicolae_uskayaw_suspiria,
          nicolae_qazlal_beasts_of_the_sky, lemuel_tele_altar,
          hellmonk_ecumenical_altar_pennies_from_heaven
D:4:      layout_loops_ring, minmay_bent, uniq_blork_the_orc, uniq_menkaure

Skill      XL: |  1  2  3  4  5  6 |
---------------+-------------------+-----
Earth Magic    | 4 5 |  5.8
Conjurations   | 2 3 4 |  4.1
Spellcasting   | 3 4 |  4.0
Dodging        | |  1.5
Stealth        | |  2.1
Air Magic      | |  0.3

Action                     |  1- 3 |  4- 6 || total
---------------------------+-------+-------++-------
  Melee: Unarmed           |    30 |       ||    30
         Dagger            |     2 |     2 ||     4
         Punch             |     1 |       ||     1
   Cast: Sandblast         |    47 |   109 ||   156
         Stone Arrow       |       |     2 ||     2
 Armour: Robe              |    46 |    51 ||    97
  Dodge: Dodged            |    50 |    53 ||   103

Table legend: (Time is in decaauts)
 A = Elapsed time spent in this place.
 B = Non-inter-level travel time spent in this place.
 C = Inter-level travel time spent in this place.
 D = Time resting spent in this place.
 E = Time spent auto-exploring this place.
 F = Levels seen in this place.
 G = Mean time per level.
                   A        B        C        D        E       F      G
               +--------+--------+--------+--------+--------+-----+--------+
         Total |   3250 |   3129 |    121 |    477 |   2030 |   4 |  812.5 |
       Dungeon |   3250 |   3129 |    121 |    477 |   2030 |   4 |  812.5 |
               +--------+--------+--------+--------+--------+-----+--------+

Top non-repeatable levels by time:
     D:3: 1158 daAuts
     D:1: 1068 daAuts
     D:2: 916 daAuts
     D:4: 107 daAuts
